 Dungeon Crawl Stone Soup version 0.30-a0-928-g7f6bbad527 (webtiles) character file.

Game seed: 879372954217195215

3387 Grim the Cleaver (level 9, 0/82 (85) HPs)
             Began as a Minotaur Hunter on Mar 23, 2023.
             Was a Believer of Fedhas.
             Slain by a gnoll
             ... wielding a +3 halberd of electrocution
              (6 damage)
             ... in a bailey.
             The game lasted 00:14:04 (8933 turns).

Grim the Cleaver (Minotaur Hunter)                  Turns: 8933, Time: 00:14:04

HP:   0/82 (85)     AC:  8    Str: 19    XL:     9   Next: 74%
MP:   0/9           EV: 11    Int:  6    God:    Fedhas [**....]
Gold: 475           SH:  0    Dex: 13    Spells: 8/8 levels left

rFire   . . .      SeeInvis +    a - +0 shortbow
rCold   . . .      Faith    .    (shield currently unavailable)
rNeg    + . .      Spirit   +    E - +1 ring mail {rPois}
rPois   +          Reflect  .    (helmet restricted)
rElec   .          Rampage  .    o - +0 cloak
rCorr   .                        h - +0 pair of gloves
Will    .....                    (no boots)
Stlth   +                        n - amulet of guardian spirit
HPRegen 0.33/turn                j - ring of see invisible
MPRegen 0.11/turn                A - ring of positive energy

@: about to teleport, lightly drained
A: horns 2, retaliatory headbutt, clumsy 1, deterioration 1
a: Renounce Religion, Wall of Briars


You were in a bailey.
You worshipped Fedhas.
Fedhas was pleased with you.
You visited 2 branches of the dungeon, and saw 10 of its levels.
You also visited: Bailey.

You collected 475 gold pieces.

Inventory:

Hand Weapons
 a - a +0 shortbow (weapon)
 b - a +5 battleaxe of freezing
Armour
 h - a +0 pair of gloves (worn)
 i - a +0 chain mail
 o - a +0 cloak (worn)
 E - a +1 ring mail of poison resistance (worn)
Jewellery
 j - a ring of see invisible (left hand)
 n - an amulet of guardian spirit (around neck)
 A - a ring of positive energy (right hand)
Wands
 r - a wand of iceblast (5)
 G - a wand of charming (10)
Scrolls
 d - 3 scrolls of immolation
 f - 2 scrolls of teleportation
 g - a scroll of magic mapping {unknown}
 k - a scroll of amnesia
 l - a scroll of poison {unknown}
 m - 2 scrolls of vulnerability {unknown}
 p - a scroll of blinking {unknown}
 q - 2 scrolls of noise {unknown}
 s - 2 scrolls of fog {unknown}
 u - 2 scrolls of enchant weapon {unknown}
 w - a scroll of torment {unknown}
 y - 2 scrolls of enchant armour {unknown}
 D - a scroll of acquirement {unknown}
 F - a scroll of summoning {unknown}
 H - a scroll of brand weapon {unknown}
 I - a scroll of silence {unknown}
Potions
 c - 2 potions of might {unknown}
 e - 2 potions of mutation {!q}
 t - a potion of flight
 v - a potion of lignification
 x - 2 potions of resistance
 z - 3 potions of degeneration {!q}
 B - 2 potions of magic {unknown}
 C - a potion of brilliance {unknown}
 J - a potion of cancellation {unknown}


   Skills:
 - Level 10.2 Fighting
 - Level 10.3 Axes
 - Level 8.6 Ranged Weapons
 - Level 2.1 Dodging
 - Level 0.7 Stealth
 * Level 1.3 Invocations


You had 8 spell levels left.
You didn't know any spells.
Your spell library contained the following spells:

 Spells                   Type           Power      Damage    Failure   Level
 Freeze                   Ice            0%         1d3       65%         1
 Sandblast                Erth           0%         2d4       65%         1
 Passwall                 Tmut/Erth      0%         N/A       78%         2
 Scorch                   Fire           0%         2d5       78%         2
 Frozen Ramparts          Ice            0%         1d1       95%         3
 Hailstorm                Conj/Ice       0%         3d3       95%         3
 Ozocubu's Armour         Ice            0%         N/A       95%         3
 Stone Arrow              Conj/Erth      0%         3d7       95%         3
 Flame Wave               Conj/Fire      0%         2d4       100%        4
 Summon Cactus Giant      Summ           0%         N/A       100%        6
 Ozocubu's Refrigeration  Ice            0%         4d7       100%        7


Dungeon Overview and Level Annotations

Branches:
Dungeon (9/15)             Temple (1/1) D:5          Bailey (1/1)
   Lair: D:8-11         Orc: D:9-12

Altars:
Ashenzari
Dithmenos
Elyvilon
Fedhas
Gozag
Kikubaaqudgha
Makhleb
Nemelex Xobeh
Okawaru
Qazlal
Ru
Sif Muna
Trog
Uskayaw
Vehumet
Wu Jian
Xom
Yredelemnul
Zin
The Shining One

Annotations:
D:3 3 runed translucent doors, Kiciri's ghost, novice MeCj


Innate Abilities, Weirdness & Mutations

You have a pair of horns on your head.
You reflexively headbutt those who attack you in melee.
You are clumsy. (Dex -2)
Your body sometimes deteriorates upon taking damage.


Message History

The orc knight roars a battlecry!
You shoot an arrow. The arrow barely misses the orc knight.
The orc knight closely misses you.
You shoot an arrow. The arrow hits the orc knight.
The orc knight is almost dead.
The orc knight hits you from afar with a +0 halberd!!
* * * LOW HITPOINT WARNING * * *
There is a fountain of blood, spattered with blood here.
Things that are here:
a +1 halberd of draining; a gnoll corpse You are too injured to fight recklessly!
You are too injured to fight recklessly!
Fire: a) +0 shortbow
Press: ? - help, Q - select action, (/) - cycle Shift-Dir - straight line, f/p - orc knight
Aim: an orc knight, wielding a +0 halberd (almost dead, 60% to hit)
You shoot an arrow. The arrow hits the orc knight.
The orc knight is almost dead.
The orc knight hits you from afar with a +0 halberd!
* * * LOW HITPOINT WARNING * * *
The orc knight hits you from afar with a +0 halberd.
* * * LOW HITPOINT WARNING * * *
It was a potion of mutation.
You feel extremely strange.
You feel clumsy.
You feel yourself wasting away.
The gnoll shouts!
The orc knight hits you from afar with a +0 halberd!!
* * * LOW HITPOINT WARNING * * *
Things that are here:
a +2 halberd of electrocution; a gnoll corpse
There is an open door here.
The orc knight roars a battlecry!
There is an open door, spattered with blood here.
You see here a +3 halberd of electrocution.
You see here a +1 halberd of electrocution.
There is an open door here.
You close the door.
A gnoll opens the door.
As you read the scroll of teleportation, it crumbles to dust.
You feel strangely unstable.
The gnoll hits you from afar with a +3 halberd of electrocution!
You die...
Fedhas appreciates your contribution to the ecosystem.

##### ## ##.))##
##∩
+##+##'###'##+##'#
#.....## ##.....##
#.....#####.....#
+..⌠..')#.'..∩..+
#.....#####.....#
##@....## ##.....#
##'##'##'###'##+##+
#g###)###.#)## #o#
### #####
#.###)###.#g#
##'##'##'###+
##)....## o
#.o)..### !.
+..g..'.# o.!


You could see an orc knight and a gnoll.

Vanquished Creatures
  A wyvern (D:7)
  A water moccasin (D:5)
  2 orc warriors (D:7)
  An ice beast (D:5)
  A sky beast (D:7)
  A black bear (D:6)
  2 ogres
  2 centaurs (D:8)
  A phantom (D:4)
  A kobold brigand (D:7)
  3 bullfrogs
  2 scorpions
  13 wights
  5 killer bees (D:9)
  3 howler monkeys (D:9)
  6 hounds
  An orc priest (D:3)
  5 jellies
  Jessica (D:3)
  3 iguanas
  5 orc wizards
  12 gnolls
  4 adders
  A shadow imp (D:7)
  A white imp (D:6)
  An ufetubus (D:5)
  9 worms
  21 orcs
  9 endoplasms
  4 giant cockroaches
  12 goblins
  5 hobgoblins
  10 jackals
  2 quokkas (D:4)
  8 ball pythons
  5 bats
  6 frilled lizards
  13 kobolds
  4 rats
187 creatures vanquished.

Notes
Turn   | Place    | Note
-------+----------+-------------------------------------------
     0 | D:1      | Grim the Minotaur Hunter began the quest for the Orb.
     0 | D:1      | Reached XP level 1. HP: 18/18 MP: 0/0
    78 | D:1      | You fall into a shaft and drop 1 floor!
    82 | D:2      | Reached XP level 2. HP: 25/25 MP: 1/1
   104 | D:2      | Reached skill level 5 in Ranged Weapons
   108 | D:2      | Found a glowing golden altar of the Shining One.
   411 | D:2      | Reached skill level 1 in Axes
   495 | D:2      | Reached XP level 3. HP: 22/30 MP: 2/2
  1367 | D:3      | Reached XP level 4. HP: 33/37 MP: 3/3
  1659 | D:3      | Found a runed translucent gate.
  1659 | D:3      | Found a runed translucent gate.
  1659 | D:3      | Found a runed translucent gate.
  1660 | D:3      | Noticed Kiciri's ghost (novice MeCj)
  1902 | D:3      | Noticed Jessica
  1913 | D:3      | Killed Jessica
  1914 | D:3      | Reached XP level 5. HP: 23/42 MP: 4/4
  2398 | D:4      | Noticed a phantom
  2410 | D:4      | Killed a phantom
  2473 | D:4      | Reached XP level 6. HP: 45/50 MP: 5/5
  2825 | D:4      | Reached skill level 5 in Axes
  3409 | D:4      | Found a glowing golden altar of the Shining One.
  3466 | D:5      | Entered Level 5 of the Dungeon
  3568 | D:5      | Reached XP level 7. HP: 29/56 MP: 2/6
  4229 | D:5      | HP: 3/84 [poisoned by a water moccasin]
  4230 | D:5      | HP: 1/84 [poisoned by a water moccasin]
  4673 | D:5      | Found a hide-covered altar of Uskayaw.
  4700 | D:5      | Found a staircase to the Ecumenical Temple.
  4706 | Temple   | Entered the Ecumenical Temple
  4739 | Temple   | Became a worshipper of Fedhas Madash
  4867 | D:6      | Reached XP level 8. HP: 49/62 MP: 5/7
  5715 | D:6      | Reached skill level 5 in Fighting
  6261 | D:7      | Reached * piety under Fedhas
  6720 | D:7      | Noticed a moth of wrath
  6723 | D:7      | Found a bloodstained altar of Trog.
  7150 | D:7      | Reached XP level 9. HP: 57/79 MP: 6/8
  8349 | D:9      | Reached skill level 10 in Axes
  8362 | D:9      | Reached ** piety under Fedhas
  8497 | D:9      | Reached skill level 10 in Fighting
  8534 | D:9      | Found a flagged portal.
  8547 | Bailey   | Entered a bailey
  8761 | Bailey   | Reached skill level 1 in Invocations
  8900 | Bailey   | Noticed an orc knight
  8924 | Bailey   | Gained mutation: You are clumsy. (Dex -2) [potion of
                  | mutation]
  8924 | Bailey   | Gained mutation: Your body sometimes deteriorates upon
                  | taking damage. [potion of mutation]
  8924 | Bailey   | HP: 3/82 [orc knight/+0 halberd (21)]
  8933 | Bailey   | Slain by a gnoll

Illustrated notes

Levels and vault maps discovered:
D:1:      amcnicky_arrival_choice, layout_rooms, minmay_surrounded
D:2:      layout_basic, basic_altar, serial_aquarium, aquarium_bridge_square
          [aquarium_subvault_bridge, aquarium_subvault_wall,
          aquarium_subvault_bridge, aquarium_subvault_bridge],
          aquarium_window_2, aquarium_window_fake, aquarium_view_2b,
          aquarium_balcony_3b, aquarium_pool_double,
          minmay_misc_feat_more_columns, minmay_diced_spiral
D:3:      layout_loops_corners, gammafunk_ghost_necromancy, uniq_jessica
D:4:      kb_forest_paths, layout_basic, tso_altar,
          corexii_item_surrounded_by_moat
D:5:      layout_cave_pods, mainiacjoe_overflow_alcove_2,
          minmay_temple_entry_fiery
D:6:      layout_basic
D:7:      layout_layer_cave, tgw_trog, kennysheep_generic_room_6
D:8:      layout_loops_ring
D:9:      layout_roguey, erik_orc_2, enter_bailey_3
Temple:   sentei_temple_godly_chess
Bailey:   bailey_polearm_nasty_gnolls, bailey

Skill      XL: |  1  2  3  4  5  6  7  8  9 |
---------------+----------------------------+-----
Ranged Weapons | 5 6 7 8 |  8.6
Axes           | 1 2 3 4 5 7 9 10 | 10.3
Fighting       | 7 10 | 10.2
Invocations    | 1 |  1.3
Dodging        | |  2.1
Stealth        | |  0.7

Action                     |  1- 3 |  4- 6 |  7- 9 || total
---------------------------+-------+-------+-------++-------
  Melee: Hand axe          |    50 |   126 |    25 ||   201
         Headbutt          |     8 |    25 |    16 ||    49
         Punch             |     1 |     2 |       ||     3
         War axe           |       |       |    15 ||    15
         Battleaxe         |       |       |   109 ||   109
   Fire: Shortbow          |    85 |    58 |    96 ||   239
 Invoke: Wall of Briars    |       |       |     1 ||     1
    Use: Scroll            |       |       |     6 ||     6
         Potion            |       |       |     5 ||     5
 Armour: Leather armour    |    16 |       |       ||    16
         Chain mail        |    10 |    77 |    52 ||   139
         Ring mail         |       |       |    30 ||    30
  Dodge: Dodged            |    55 |    55 |   102 ||   212

Table legend: (Time is in decaauts)
 A = Elapsed time spent in this place.
 B = Non-inter-level travel time spent in this place.
 C = Inter-level travel time spent in this place.
 D = Time resting spent in this place.
 E = Time spent auto-exploring this place.
 F = Levels seen in this place.
 G = Mean time per level.
                   A        B        C        D        E       F      G
               +--------+--------+--------+--------+--------+-----+--------+
         Total |   9029 |   8748 |    281 |   1825 |   5558 |  11 |  820.8 |
       Dungeon |   8598 |   8323 |    275 |   1576 |   5493 |   9 |  955.3 |
        Temple |     39 |     33 |      6 |      0 |      0 |   1 |   39.0 |
        Bailey |    390 |    390 |      0 |    249 |     65 |   1 |  390.0 |
               +--------+--------+--------+--------+--------+-----+--------+

Top non-repeatable levels by time:
     D:7: 1550 daAuts
     D:5: 1359 daAuts
     D:4: 1161 daAuts
     D:6: 1105 daAuts
     D:3: 1013 daAuts
     D:2: 823 daAuts
     D:8: 816 daAuts
     D:1: 517 daAuts
  Bailey: 390 daAuts
     D:9: 251 daAuts
  Temple: 39 daAuts
